 Dungeon Crawl Stone Soup version 0.29-a0-284-gf9362112df (webtiles) character file.

Game seed: 8469093820609946638

42837 sokol815 the Basher (level 13, 0/93 HPs)
             Began as a Demonspawn Monk on Mar 24, 2022.
             Was a Priest of Ashenzari.
             Killed by the air
             ... invoked by a wind drake
              (12 damage)
             ... on level 5 of the Lair of Beasts.
             The game lasted 00:54:08 (23285 turns).

sokol815 the Basher (Demonspawn Monk)              Turns: 23285, Time: 00:54:08

Health: 0/93       AC: 15    Str: 12    XL:     13   Next: 87%
Magic:  0/20       EV: 10    Int: 16    God:    Ashenzari [***...]
Gold:   313        SH:  0    Dex: 16    Spells: 17/22 levels left

rFire   . . .      SeeInvis +   v - +7 morningstar (vorpal)
rCold   + . .      Faith    .   (no shield)
rNeg    . . .      Spirit   +   t - +4 chain mail of Supernal Gnosis {rC+, Evo, Melee} (curse)
rPois   .          Reflect  .   (no helmet)
rElec   .          Harm     .   C - +0 cloak of Desmomancy {Elem, Melee} (curse)
rCorr   .          Rampage  .   k - +0 pair of gloves "Absolutism of Ashenzari" {Self, Melee} (curse)
Will    +....      Clarity  +   l - +0 pair of boots "Irritation of Ashenzari" {Comp, Cun} (curse)
Stlth   +.........              R - amulet of guardian spirit
HPRegen 0.25/turn               V - ring "Astrological Ordeal" {SInv, sInv, !d, Elem, Melee} (curse)
MPRegen 0.17/turn               W - ring of willpower

@: no status effects
A: claws 2, foul stench 1, powered by death 2, sturdy frame 2
a: Renounce Religion, Curse Item, Shatter the Chains


You were on level 5 of the Lair of Beasts.
You worshipped Ashenzari.
Ashenzari was most pleased with you.
You visited 2 branches of the dungeon, and saw 16 of its levels.
You also visited: Sewer, Ossuary and Bailey.

You collected 753 gold pieces.
You spent 440 gold pieces at shops.

Inventory:

Hand Weapons
 a - a +4 dagger of draining
   (You took it off an orc on level 7 of the Dungeon)
 n - the +11 falchion of Triumph {freeze, rCorr}
   (You found it on level 3 of the Lair of Beasts)

   It freezes those it strikes, dealing additional cold damage.
   It can also slow down cold-blooded creatures.
   rCorr:     It protects you from acid and corrosion.
 s - a +2 hand axe of freezing
   (You took it off a wight on level 7 of the Dungeon)
 v - a +7 vorpal morningstar (weapon)
   (You took it off an orc priest on level 4 of the Dungeon)
 Q - a +8 spear of freezing
   (You took it off a wight on level 8 of the Dungeon)
Missiles
 b - 28 boomerangs
 g - 3 throwing nets {!d}
 j - 13 curare-tipped darts
 o - 51 poisoned darts
 r - 10 datura-tipped darts
 S - 4 atropa-tipped darts
Armour
 c - a +2 robe of cold resistance
   (You took it off a hobgoblin in a bailey)
 k - the cursed +0 pair of gloves "Absolutism of Ashenzari" (worn) {Self, Melee}
   (You found it on level 9 of the Dungeon)

   It has a curse which improves the following skills: Introspection: Fighting
   and Spellcasting.
   Melee Combat: Short Blades, Long Blades, Axes, Maces & Flails, Polearms,
   Staves and Unarmed Combat.
 l - the cursed +0 pair of boots "Irritation of Ashenzari" (worn) {Comp, Cun}
   (You found it on level 1 of the Dungeon)

   It has a curse which improves the following skills: Companions: Summonings
   and Necromancy.
   Cunning:   Dodging and Stealth.
 t - the cursed +4 chain mail of Supernal Gnosis (worn) {rC+, Evo, Melee}
   (You found it on level 4 of the Dungeon)

   It has a curse which improves the following skills: Evocations: Evocations.
   Melee Combat: Short Blades, Long Blades, Axes, Maces & Flails, Polearms,
   Staves and Unarmed Combat.
 u - a +2 robe of willpower
   (You took it off Sigmund on level 4 of the Dungeon)
 C - the cursed +0 cloak of Desmomancy (worn) {Elem, Melee}
   (You found it on level 8 of the Dungeon)

   It has a curse which improves the following skills: Elements: Fire Magic, Ice
   Magic, Air Magic and Earth Magic.
   Melee Combat: Short Blades, Long Blades, Axes, Maces & Flails, Polearms,
   Staves and Unarmed Combat.
Jewellery
 z - a +4 ring of evasion
   (You found it on level 4 of the Dungeon)
 A - a ring of protection from fire {rF+, !d}
   (You found it on level 3 of the Lair of Beasts)
 R - an amulet of guardian spirit (around neck)
   (You found it on level 4 of the Dungeon)
 V - the cursed ring "Astrological Ordeal" (left hand) {SInv, sInv, !d, Elem, Melee}
   (You found it on level 1 of the Dungeon)

   [ring of see invisible]

   SInv:      It lets you see invisible.
   It has a curse which improves the following skills: Elements: Fire Magic, Ice
   Magic, Air Magic and Earth Magic.
   Melee Combat: Short Blades, Long Blades, Axes, Maces & Flails, Polearms,
   Staves and Unarmed Combat.
 W - a ring of willpower (right hand)
   (You found it on level 7 of the Dungeon)
 X - a ring of resist corrosion
   (You found it on level 4 of the Lair of Beasts)
 Z - a ring of wizardry {Wiz+, !d}
   (You found it on level 5 of the Dungeon)
Wands
 d - a wand of digging (2)
   (You took it off a kobold on level 7 of the Dungeon)
 e - a wand of charming (5)
   (You found it on level 5 of the Dungeon)
 h - a wand of acid (16)
   (You found it on level 3 of the Dungeon)
 i - a wand of iceblast (14)
   (You found it on level 8 of the Dungeon)
 p - a wand of paralysis (11)
   (You found it on level 8 of the Dungeon)
 q - a wand of flame (41)
   (You found it on level 10 of the Dungeon)
 y - a wand of mindburst (14)
   (You found it on level 10 of the Dungeon)
Scrolls
 f - 4 scrolls of fog
 w - a scroll of amnesia
 x - 2 scrolls of magic mapping {@r4!r}
 D - 3 scrolls of blinking {!r}
 E - 8 scrolls of fear
 K - 4 scrolls of immolation {!r}
 O - 2 scrolls of silence
 Y - 6 scrolls of teleportation {@r3}
Potions
 B - 8 potions of brilliance
 F - 3 potions of magic
 G - 2 potions of ambrosia {!q}
 H - 7 potions of haste
 I - 2 potions of invisibility
 J - 7 potions of curing {@q1}
 L - 4 potions of flight
 M - 5 potions of might
 N - 2 potions of heal wounds {@q2}
 P - 2 potions of lignification {!q}
 T - 3 potions of berserk rage {!q}
 U - 3 potions of mutation {!q}
Miscellaneous
 m - a phantom mirror
   (You found it in a bailey)


   Skills:
 * Level 4.6(6.2) Fighting
 - Level 5.4(12.0) Axes
 - Level 12.3(16.5) Maces & Flails
 - Level 3.8(5.3) Dodging
 - Level 3.8(5.3) Stealth
 - Level 11.1(15.0) Unarmed Combat
 - Level 3.5(5.0) Spellcasting
 - Level 10.6 Conjurations
 * Level 9.2(11.7) Fire Magic


You had 17 spell levels left.
You knew the following spells:

 Your Spells              Type           Power      Damage    Failure   Level
f - Fireball              Conj/Fire      19%        3d9       34%         5

Your spell library contained the following spells:

 Spells                   Type           Power      Damage    Failure   Level
 Shock                    Conj/Air       84%        1d8       13%         1
 Stone Arrow              Conj/Erth      42%        3d9       36%         3
 Sandblast                Erth           10%        2d5       73%         1
 Animate Skeleton         Necr           8%         N/A       75%         1
 Pain                     Necr           16%        1d4       75%         1
 Corpse Rot               Necr/Air       8%         N/A       86%         2
 Ensorcelled Hibernation  Hex/Ice        8%         N/A       87%         2
 Passwall                 Tmut/Erth      3%         N/A       87%         2
 Poisonous Vapours        Pois/Air       8%         N/A       87%         2
 Starburst                Conj/Fire      19%        6d7       88%         6
 Swiftness                Air            5%         N/A       97%         3
 Spider Form              Tmut/Pois      4%         N/A       98%         3
 Summon Guardian Golem    Hex/Summ       4%         N/A       98%         3
 Tukima's Dance           Hex            4%         N/A       98%         3
 Vampiric Draining        Necr           4%         2d6       98%         3
 Airstrike                Air            2%         N/A       100%        4
 Anguish                  Hex/Necr       2%         N/A       100%        4
 Passage of Golubria      Tloc           4%         N/A       100%        4
 Yara's Violent Unravell  Hex/Tmut       2%         3d3       100%        5
 Orb of Destruction       Conj           19%        9d8       100%        7
 Spellforged Servitor     Conj/Summ      10%        N/A       100%        7
 Ignition                 Fire           20%        3d7       100%        8


Dungeon Overview and Level Annotations

Branches:
Dungeon (10/15)            Temple (0/1) D:5            Lair (6/6) D:9
 Shoals (0/4) Lair:3       Spider (0/4) Lair:3        Sewer (visited)
Ossuary (visited)          Bailey (visited)
  Slime: Lair:5-6       Orc: D:9-12

Altars:
Ashenzari
Uskayaw
Zin

Shops:
D:2 :

Portals:
Abyss: Lair:1
Trove: D:10 (give 2 scrolls of acquirement)

Annotations:
Lair:1 2 transporters, Dvallin's ghost, journeyman FoHu


Innate Abilities, Weirdness & Mutations

You have very sharp fingernails.
You may rarely emit foul miasma when damaged in melee.
You regenerate health from kills.
Your movements are less encumbered by armour. (ER -4)


Message History

There is a stone staircase leading down here.
You take 17 damage, and have 76/93 hp.
You now have 16/20 mp.
You hit the polar bear but do no damage.
You punch the polar bear. You barely miss the polar bear.
The catoblepas breathes a plume of calcifying dust at you.
The blast of calcifying dust hits you. The polar bear barely misses you.
The polar bear closely misses you.
The polar bear claws you but does no damage.
You take 5 damage, and have 72/93 hp.
You now have 15/20 mp.
You hit the catoblepas but do no damage.
You punch the catoblepas.
The catoblepas breathes a plume of calcifying dust at you.
The blast of calcifying dust hits you but does no damage.
The polar bear is engulfed in calcifying dust.
The polar bear is moving more slowly.
The polar bear bites you.
The polar bear claws you but does no damage.
The polar bear barely misses you.
You now have 14/20 mp.
The catoblepas closely misses you.
The polar bear is engulfed in calcifying dust.
The polar bear stops moving altogether!
You hit the catoblepas. You bludgeon the catoblepas!!
The catoblepas snuffles in challenge.
The catoblepas closely misses you.
The polar bear is engulfed in calcifying dust.
You puncture the catoblepas!
You punch the catoblepas, but do no damage.
The catoblepas gores you!
The polar bear is engulfed in calcifying dust.
You take 9 damage, and have 64/93 hp.
You now have 14/20 mp.
You bludgeon the catoblepas!! You punch the catoblepas.
You puncture the catoblepas!
You kill the catoblepas!
The helpless polar bear fails to defend itself.
You hit the polar bear.
The helpless polar bear fails to defend itself.
You impale the polar bear!! You punch the polar bear.
The helpless polar bear fails to defend itself.
You skewer the polar bear like a kebab!!!
The helpless polar bear fails to defend itself.
You skewer the polar bear like a kebab!!!
You kill the polar bear!
You start resting.
Health restored: 93; MP restored: 20
There is a stone staircase leading down, spattered with blood here.
There is a stone staircase leading down here.
You climb downwards.
A harpy comes into view.
The wind drake flaps its wings at you. The air twists around and strikes you!
There is a stone staircase leading up here.
You take 13 damage, and have 80/93 hp.
You now have 18/20 mp.
The harpy screeches!
You hear a loud, deep croak! x2; The cane toad croaks.
A cane toad comes into view.
The harpy claws you! The harpy barely misses you. The harpy claws you!
The harpy claws you but does no damage. The wind drake flaps its wings at you.
The air twists around and strikes you.
You climb upwards.
There is a stone staircase leading down here.
You take 17 damage, and have 64/93 hp.
You now have 15/20 mp.
You hit the harpy. The wind drake barely misses you.
The harpy claws you but does no damage. The harpy claws you!
You take 7 damage, and have 57/93 hp.
You now have 14/20 mp.
You closely miss the harpy. The harpy barely misses you. x2
You closely miss the harpy. The harpy claws you! The harpy closely misses you.
The wind drake bites you but does no damage.
You take 11 damage, and have 46/93 hp.
You now have 12/20 mp.
You are too injured to fight recklessly!
You are too injured to fight recklessly!
You are too injured to fight recklessly!
You are too injured to fight recklessly!
Unknown command.
You closely miss the wind drake.
The wind drake bites you but does no damage.
The harpy claws you! The harpy closely misses you.
You take 9 damage, and have 37/93 hp.
You now have 10/20 mp.
You barely miss the harpy. Your punch misses the harpy.
The harpy claws you but does no damage. The harpy claws you!
The wind drake bites you but does no damage.
You take 7 damage, and have 30/93 hp.
You now have 7/20 mp.
You puncture the harpy!
The harpy claws you but does no damage. x2
The wind drake bites you.
* * * LOW HITPOINT WARNING * * *
You take 4 damage, and have 26/93 hp.
You now have 6/20 mp.
You thump the harpy! The harpy claws you!
* * * LOW HITPOINT WARNING * * *
The harpy barely misses you. The wind drake barely misses you.
You take 9 damage, and have 17/93 hp.
You now have 4/20 mp.
You puncture the wind drake! You punch the wind drake!
The harpy claws you but does no damage. The harpy claws you.
* * * LOW HITPOINT WARNING * * *
You take 4 damage, and have 13/93 hp.
You now have 3/20 mp.
You hit the wind drake. The harpy claws you. x2
* * * LOW HITPOINT WARNING * * *
The wind drake flaps its wings at you. The air twists around and strikes you!
You die...

#....P.............##..#######.##
#..........##.......##..# ##.#
#..........#...#.##..#### ###
#.........##.#........# ##
#..<.#.#.##...........# #.
#...##♣####..#.....#..## ### ##
#.###.♣.##..##.♣.♣..#..# ##.###.
#..#.†...#.......k.....####..##..
..##♣.<..+..#...@...#.........##.
#.##.....#..#...H......#.#...##..
#..##.♣.÷...#..♣.♣.#......#......
#.#####♣###..#.....#...#[........
#.#.# #...........#.##.......
#..#### #..#....#..#####......#
#.....# ##..#.###..# #.P...##
#.....### ##.......## ##.....#
#.......# #......## #.P....


You could see a wind drake (repels missiles) and a harpy.

Vanquished Creatures
  Snorg (Lair:4)
  Josephine (Lair:5)
  A boulder beetle (Lair:5)
  2 hydras
  An anaconda (Lair:5)
  2 catoblepae
  2 two-headed ogres
  A death yak (Lair:5)
  A wolf spider (Lair:3)
  Maurice (D:10)
  3 black mambas
  8 elephants
  12 cane toads
  A kobold demonologist (D:7)
  3 torpor snails
  7 komodo dragons
  2 rime drakes
  A troll (D:10)
  Grinder (Sewer)
  2 polar bears
  12 dream sheep
  15 blink frogs
  Sigmund (D:4)
  4 wyverns
  5 wraiths (Lair:5)
  A vampire (D:10)
  37 yaks
  6 basilisks
  Grum (D:10)
  An acid dragon (D:10)
  8 water moccasins
  2 sky beasts
  An ice beast (D:7)
  11 orc warriors
  A black bear (D:8)
  An ogre (D:4)
  18 wolves
  8 centaurs
  4 kobold brigands
  14 bullfrogs
  6 necrophages
  A scorpion (D:6)
  21 wights
  3 killer bees (D:10)
  An electric eel (Lair:5)
  A howler monkey (D:7)
  3 centaur zombies (Ossuary)
  A hound (D:5)
  3 orc priests
  3 jellies
  A gnoll shaman (D:7)
  3 iguanas
  4 orc wizards
  6 mummies (Ossuary)
  7 gnolls
  6 adders
  5 shadow imps (Sewer)
  3 white imps
  4 ufetubi
  5 worms
  4 dart slugs
  22 orcs
  10 ball pythons
  7 endoplasms
  8 giant cockroaches
  15 goblins
  11 hobgoblins
  3 jackals (D:1)
  45 kobolds
  3 quokkas (D:2)
  5 bats
  3 frilled lizards (D:2)
  3 hobgoblin zombies (Ossuary)
  5 kobold zombies (Sewer)
  5 rats
440 creatures vanquished.

Vanquished Creatures (others)
  A bush (Lair:5)
  12 fungi
  17 plants
30 creatures vanquished.

Grand Total: 470 creatures vanquished

Notes
Turn   | Place    | Note
-------+----------+-------------------------------------------
     0 | D:1      | sokol815 the Demonspawn Monk began the quest for the Orb.
     0 | D:1      | Reached XP level 1. HP: 18/18 MP: 1/1
   107 | D:1      | Reached skill level 3 in Axes
   205 | D:1      | Gained mutation: Your movements are slightly less
                  | encumbered by armour. (ER -2) [demonic ancestry]
   205 | D:1      | Reached XP level 2. HP: 24/24 MP: 2/2
   699 | D:1      | Found a faded altar of an unknown god.
   710 | D:1      | Prayed at the altar of an unknown god.
   710 | D:1      | Became a worshipper of Ashenzari the Shackled
   799 | D:1      | Gained mutation: Your movements are less encumbered by
                  | armour. (ER -4) [demonic ancestry]
   799 | D:1      | Reached XP level 3. HP: 29/29 MP: 3/3
  1510 | D:2      | Reached skill level 4 in Axes
  2257 | D:2      | Gained mutation: You regenerate a little health from kills.
                  | [demonic ancestry]
  2257 | D:2      | Reached XP level 4. HP: 26/35 MP: 4/4
  2464 | D:2      | Found Ytac's Book Shop.
  2820 | D:2      | Reached * piety under Ashenzari
  3654 | D:3      | Reached ** piety under Ashenzari
  3773 | D:3      | Reached skill level 2 in Stealth
  4133 | D:4      | Reached skill level 5 in Axes
  4133 | D:4      | Reached skill level 3 in Dodging
  4133 | D:4      | Reached XP level 5. HP: 14/42 MP: 5/5
  4612 | D:4      | Reached skill level 1 in Conjurations
  4743 | D:4      | Noticed Sigmund
  4761 | D:4      | Killed Sigmund
  4762 | D:4      | Reached skill level 3 in Stealth
  4762 | D:4      | Reached skill level 2 in Conjurations
  4762 | D:4      | Gained mutation: You regenerate health from kills. [demonic
                  | ancestry]
  4762 | D:4      | Reached XP level 6. HP: 43/48 MP: 4/6
  4912 | D:4      | Reached XP level 7. HP: 54/54 MP: 7/7
  5182 | D:5      | Entered Level 5 of the Dungeon
  5194 | D:5      | Reached skill level 1 in Maces & Flails
  5207 | D:5      | Found a staircase to the Ecumenical Temple.
  5218 | D:5      | Reached skill level 3 in Conjurations
  5351 | D:5      | Reached skill level 2 in Maces & Flails
  5573 | D:5      | Reached skill level 4 in Conjurations
  6109 | D:6      | Found a sand-covered staircase.
  6118 | Ossuary  | Entered an ossuary
  6146 | Ossuary  | Reached skill level 3 in Maces & Flails
  6153 | Ossuary  | Reached XP level 8. HP: 52/60 MP: 8/8
  6271 | D:6      | Found a glowing drain.
  6283 | Sewer    | Entered a sewer
  6389 | Sewer    | Reached skill level 5 in Conjurations
  6428 | Sewer    | Found an ancient bone altar of Kikubaaqudgha.
  6494 | Sewer    | Reached skill level 4 in Maces & Flails
  6590 | Sewer    | Noticed Grinder
  6609 | Sewer    | Killed Grinder
  6610 | Sewer    | Reached skill level 6 in Conjurations
  6810 | D:6      | Reached skill level 5 in Maces & Flails
  6904 | D:6      | Identified the +1 whip of the Pillar {flame, rPois Dex-2
                  | Stlth+}
  7741 | D:7      | Reached XP level 9. HP: 55/65 MP: 9/9
  7820 | D:7      | Reached skill level 7 in Conjurations
  7854 | D:7      | Noticed a kobold demonologist
  7856 | D:7      | Noticed a smoke demon
  7861 | D:7      | Noticed a soul eater
  7869 | D:7      | Noticed an ice devil
  7871 | D:7      | HP: 11/65 [ice devil[a kobold demonologist] (8)]
  7871 | D:7      | HP: 4/65 [ice devil[a kobold demonologist] (7)]
  7880 | D:7      | HP: 7/65 [ufetubus[a kobold demonologist] (1)]
  7886 | D:7      | Noticed a sixfirhy
  7886 | D:7      | Killed a kobold demonologist
  7887 | D:7      | Reached skill level 6 in Maces & Flails
  8380 | D:7      | HP: 16/65 [centaur (3)]
  8382 | D:7      | Reached skill level 8 in Conjurations
  9234 | D:7      | Reached skill level 7 in Maces & Flails
  9401 | D:8      | Found a flagged portal.
  9430 | D:8      | Reached skill level 11 in Maces & Flails
  9430 | D:8      | Reached XP level 10. HP: 69/69 MP: 10/10
  9461 | Bailey   | Entered a bailey
  9505 | Bailey   | Reached skill level 12 in Maces & Flails
 10339 | D:8      | Found a hide-covered altar of Uskayaw.
 10510 | D:8      | Reached skill level 9 in Conjurations
 10672 | D:8      | Noticed a two-headed ogre
 10678 | D:8      | Killed a two-headed ogre
 10679 | D:8      | Gained mutation: You have sharp fingernails. [demonic
                  | ancestry]
 10679 | D:8      | Reached XP level 11. HP: 22/75 MP: 5/11
 11595 | D:9      | Reached skill level 1 in Unarmed Combat
 11630 | D:9      | Reached skill level 2 in Unarmed Combat
 11662 | D:9      | Reached skill level 3 in Unarmed Combat
 11669 | D:9      | Reached skill level 10 in Conjurations
 12750 | D:9      | Found a staircase to the Lair.
 12824 | D:10     | Entered Level 10 of the Dungeon
 12891 | D:10     | Reached skill level 4 in Unarmed Combat
 12962 | D:10     | Noticed Grum
 12983 | D:10     | Killed Grum
 13234 | D:2      | Bought a book of Fire for 440 gold pieces
 13476 | D:10     | Identified the +1 plate armour "Xoryliv" {rElec rCorr SInv}
 13524 | D:10     | Reached skill level 1 in Fire Magic
 13594 | D:10     | Found a portal to a secret trove of treasure.
 13643 | D:10     | Noticed Maurice
 13656 | D:10     | Killed Maurice
 13657 | D:10     | Reached skill level 5 in Unarmed Combat
 14007 | D:10     | Reached *** piety under Ashenzari
 14010 | D:10     | Noticed a two-headed ogre
 14016 | D:10     | Killed a two-headed ogre
 14017 | D:10     | Reached skill level 2 in Fire Magic
 14431 | Lair:1   | Entered Level 1 of the Lair of Beasts
 14517 | Lair:1   | Reached skill level 3 in Fire Magic
 14602 | Lair:1   | Found a transporter.
 14602 | Lair:1   | Noticed a red ugly thing
 14603 | Lair:1   | Noticed a brown ugly thing
 14611 | Lair:1   | Noticed a soul eater
 14618 | Lair:1   | Found a transporter.
 14677 | Lair:1   | Reached skill level 6 in Unarmed Combat
 14680 | Lair:1   | Gained mutation: You may rarely emit foul miasma when
                  | damaged in melee. [demonic ancestry]
 14680 | Lair:1   | Reached XP level 12. HP: 60/84 MP: 7/12
 14809 | Lair:1   | Noticed Dvallin's ghost (journeyman FoHu)
 14822 | Lair:1   | Found a one-way gate to the infinite horrors of the Abyss.
 14888 | Lair:1   | Learned a level 5 spell: Fireball
 14945 | Lair:1   | Reached skill level 4 in Fire Magic
 15749 | Lair:1   | Reached skill level 7 in Unarmed Combat
 15897 | Lair:1   | Reached skill level 5 in Fire Magic
 16216 | Lair:2   | HP: 17/84 [bullfrog (6)]
 16533 | Lair:2   | Noticed a four-headed hydra
 16542 | Lair:2   | Killed a four-headed hydra
 16711 | Lair:2   | Reached skill level 6 in Fire Magic
 16742 | Lair:2   | Reached skill level 8 in Unarmed Combat
 17882 | Lair:3   | Found a hole to the Spider Nest.
 17886 | Lair:3   | Identified the +3 great sword of Temperance {freeze, *Slow
                  | rC+ rN+ rCorr Int-4}
 17921 | Lair:3   | Identified the +4 falchion "Neemit Ceino" {vorpal, Dex+4}
 18098 | Lair:3   | Noticed a five-headed hydra
 18106 | Lair:3   | Killed a five-headed hydra
 18107 | Lair:3   | Reached skill level 7 in Fire Magic
 18339 | Lair:3   | Found a staircase to the Shoals.
 18540 | Lair:3   | Identified the +11 falchion of Triumph {freeze, rCorr}
 18639 | Lair:3   | HP: 21/84 [wolf (5)]
 19117 | Lair:4   | Noticed a catoblepas
 19169 | Lair:4   | Noticed Snorg
 19199 | Lair:4   | Killed Snorg
 19200 | Lair:4   | Reached skill level 9 in Unarmed Combat
 19204 | Lair:4   | HP: 18/84 [komodo dragon (22)]
 19567 | Lair:4   | Gained mutation: You have very sharp fingernails. [demonic
                  | ancestry]
 19567 | Lair:4   | Reached XP level 13. HP: 90/90 MP: 13/13
 19911 | Lair:4   | Reached skill level 10 in Unarmed Combat
 20859 | Lair:5   | Reached skill level 11 in Unarmed Combat
 20871 | Lair:4   | HP: 16/90 [komodo dragon (19)]
 21123 | Lair:5   | Reached skill level 1 in Spellcasting
 21497 | Lair:5   | Reached skill level 2 in Spellcasting
 21561 | Lair:5   | Reached skill level 3 in Spellcasting
 21719 | Lair:5   | Reached skill level 8 in Fire Magic
 21724 | Lair:5   | HP: 19/90 [boulder beetle (7)]
 21728 | Lair:5   | HP: 9/90 [boulder beetle (12)]
 21753 | Lair:5   | HP: 22/90 [poisoned by a cane toad]
 21759 | Lair:5   | HP: 18/90 [poisoned by a cane toad]
 22195 | Lair:5   | Noticed Josephine
 22228 | Lair:5   | Killed Josephine
 22441 | Lair:5   | Reached skill level 4 in Fighting
 22458 | Lair:5   | Reached skill level 9 in Fire Magic
 23024 | Lair:6   | Entered Level 6 of the Lair of Beasts
 23283 | Lair:5   | HP: 17/93 [harpy (9)]
 23285 | Lair:5   | Killed from afar by a wind drake

Illustrated notes

Levels and vault maps discovered:
D:1:      lemuel_arrival_tunnels, layout_loops_corners,
          hellmonk_ecumenical_altar_lost_god, minmay_misc_feat_x, minmay_cut_off
D:2:      minmay_wonky_spiral, layout_basic, serial_shops,
          nicolae_shop_temple_entry_statues_fountains, kennysheep_path_1,
          st_stairs_10, minmay_tall_x
D:3:      layout_basic, serial_glass, glass_columns_b, glass_columns_a
D:4:      layout_loops_ring, uniq_sigmund
D:5:      layout_basic, minmay_temple_entry_large_hall
D:6:      layout_basic, portal_sewer_entry_a,
          lightli_ossuary_entry_decrepit_ruins,
          eino_small_chamber_without_monster, chequers_decorated_corner,
          nicolae_benzene_ring, minmay_holes, minmay_statues_item,
          chequers_serial_rivers_small_a
D:7:      layout_gridville, mainiacjoe_overflow_surrounded_room
D:8:      layout_gridville, kennysheep_mini_moat, enter_bailey_5,
          hangedman_abyss_or_decor_lesser_grid
D:9:      layout_layer_cave, lair_entry_dummy
D:10:     layout_irregular_city, enter_trove_3, uniq_maurice, uniq_grum
Lair:1:   layout_cave_pods, gammafunk_ghost_abyssal_escape,
          chequers_serial_rivers_micro_a
Lair:2:   layout_hall_layers, serial_bayou_shore_b
Lair:3:   layout_cellular_growth, minmay_shoals_entry_centaurs,
          spider_nest_entry_a, nicolae_lair_run_with_the_wolves
Lair:4:   layout_cave_shapes, st_stairs_5, uniq_snorg
Lair:5:   nzn_winding_woodlands_three_and_one
          [nzn_winding_woodlands_5x15_pathside_ponds,
          nzn_winding_woodlands_5x15_longhouse,
          nzn_winding_woodlands_5x15_river_crossing,
          nzn_winding_woodlands_center_lodge], layout_cave_pods, st_stairs_5,
          kennysheep_basilisk_garden, serial_bayou_shore_a, grunt_megastairs_2,
          uniq_josephine
Lair:6:   gammafunk_lair_ancient_temple, layout_hall_layers, slime_altar_1,
          serial_rivers, chequers_serial_rivers_small_a,
          chequers_serial_rivers_room_b, chequers_serial_rivers_micro_d,
          chequers_serial_rivers_micro_a, chequers_serial_rivers_small_b,
          chequers_serial_rivers_small_b, lemuel_oklob_altar, uniq_kirke

Skill      XL: |  1  2  3  4  5  6  7  8  9 10 11 12 13 |
---------------+----------------------------------------+-----
Axes           | 3 4 5 |  5.4
Stealth        | 2 3 |  3.8
Dodging        | 3 |  3.8
Conjurations   | 2 4 6 8 9 10 | 10.6
Maces & Flails | 3 5 11 12 | 12.3
Unarmed Combat | 6 9 11 | 11.1
Fire Magic     | 3 7 9 |  9.2
Spellcasting   | 3 |  3.5
Fighting       | 4 |  4.6

Action                   |  1- 3 |  4- 6 |  7- 9 | 10-12 | 13-15 || total
-------------------------+-------+-------+-------+-------+-------++-------
Melee: Hand axe          |   114 |   204 |       |       |       ||   318
       Punch             |     1 |     4 |     6 |    39 |    41 ||    91
       Morningstar       |       |     4 |   338 |   599 |   353 ||  1294
Throw: Stone             |   105 |    43 |       |       |       ||   148
       Throwing net      |       |       |     2 |     1 |       ||     3
       Boomerang         |       |       |       |    50 |       ||    50
Invok: Curse Item        |       |     3 |       |     3 |       ||     6
       Shatter the Chain |       |       |       |     1 |       ||     1
Evoke: Wand              |       |       |     2 |     3 |       ||     5
  Use: Potion            |       |     1 |     3 |     1 |     4 ||     9
       Scroll            |       |       |     2 |     4 |       ||     6
 Stab: Sleeping          |       |     5 |     4 |     2 |     2 ||    13
       Distracted        |       |     1 |     1 |       |       ||     2
       Petrified         |       |       |       |       |     4 ||     4
Armor: Ring mail         |    45 |    72 |    97 |       |       ||   214
       Chain mail        |       |       |       |   326 |   118 ||   444
Dodge: Dodged            |    65 |   101 |   351 |   272 |   122 ||   911

Table legend: (Time is in decaauts)
 A = Elapsed time spent in this place.
 B = Non-inter-level travel time spent in this place.
 C = Inter-level travel time spent in this place.
 D = Time resting spent in this place.
 E = Time spent auto-exploring this place.
 F = Levels seen in this place.
 G = Mean time per level.
                   A        B        C        D        E       F      G
               +--------+--------+--------+--------+--------+-----+--------+
         Total |  23194 |  22226 |    968 |   4266 |  14316 |  19 | 1220.7 |
       Dungeon |  13111 |  12423 |    688 |   1019 |   9374 |  10 | 1311.1 |
          Lair |   8708 |   8429 |    279 |   2893 |   4507 |   6 | 1451.3 |
         Sewer |    459 |    459 |      0 |      0 |    217 |   1 |  459.0 |
       Ossuary |    109 |    109 |      0 |      0 |      0 |   1 |  109.0 |
        Bailey |    805 |    805 |      0 |    353 |    217 |   1 |  805.0 |
               +--------+--------+--------+--------+--------+-----+--------+

Top non-repeatable levels by time:
  Lair:5: 2158 daAuts
  Lair:1: 1969 daAuts
     D:2: 1849 daAuts
     D:7: 1730 daAuts
  Lair:4: 1612 daAuts
  Lair:3: 1530 daAuts
     D:9: 1529 daAuts
     D:1: 1516 daAuts
  Lair:2: 1418 daAuts
     D:4: 1332 daAuts
     D:8: 1264 daAuts
    D:10: 1171 daAuts
     D:6: 1087 daAuts
     D:5: 840 daAuts
  Bailey: 805 daAuts

Table legend:
 A = Kills in this place as a percentage of kills in entire the game.
 B = Kills by you in this place as a percentage of kills by you in the entire game.
 C = Kills by friends in this place as a percentage of kills by friends in the entire game.
 D = Other kills in this place as a percentage of other kills in the entire game.
 E = Experience gained in this place as a percentage of experience gained in the entire game.
 F = Experience gained in this place divided by the number of levels of this place that you have seen.
                   A       B       C       D       E      F
               +-------+-------+-------+-------+-------+----------------------
         Total | 100.0 | 100.0 |   N/A |   N/A | 100.0 | 2983.3
       Dungeon |  50.5 |  50.5 |   N/A |   N/A |  22.7 | 1287.1
          Lair |  33.2 |  33.2 |   N/A |   N/A |  73.5 | 6940.3
         Sewer |   8.0 |   8.0 |   N/A |   N/A |   1.2 | 675.0
       Ossuary |   2.7 |   2.7 |   N/A |   N/A |   0.4 | 249.0
        Bailey |   5.7 |   5.7 |   N/A |   N/A |   2.2 | 1246.0
               +-------+-------+-------+-------+-------+----------------------
